3L
LAS VEGAS FLAMINGOS @ BROOKLYN DODGERS
09/24/2026
 
TOP OF THE 1ST
Las Vegas Flamingos batting - Pitching for Brooklyn Dodgers : LHP Lorenzo Sánchez
Pitching: LHP Lorenzo Sánchez
Batting: LHB Roberto Salazar 0-0: Called Strike
0-1: Ball
1-1: Foul Ball, location: 2F
1-2: Ground out 4-3 (Groundball, 4)
Batting: RHB Sake van Arem 0-0: Ball
1-0: Ball
2-0: TRIPLE (Line Drive, 9LM)
Batting: LHB Chris McKinney 0-0: Ball
1-0: Ground out U3 (Groundball, 3)
Batting: LHB José Alonso 0-0: Ball
1-0: Ball
2-0: Ball
3-0: Called Strike
3-1: SINGLE (Line Drive, 3D)
Sake van Arem scores
Batting: RHB Xavier Hernández 0-0: Called Strike
0-1: Foul Ball, location: 2F
0-2: Ball
1-2: Ball
2-2: Foul Ball, location: 2F
2-2: Ball
3-2: Foul Ball, location: 2F
3-2: Fly out, F8 (Flyball, 8LM)
Top of the 1st over - 1 run(s), 2 hit(s), 0 error(s), 1 left on base; Las Vegas 1 - Brooklyn 0
BOTTOM OF THE 1ST
Brooklyn Dodgers batting - Pitching for Las Vegas Flamingos : RHP Seung-yeop Kim
Pitching: RHP Seung-yeop Kim
Batting: RHB Josh Stafford 0-0: Ground out 3-1 (Groundball, 34)
Batting: SHB Juan Rivas 0-0: Ball
1-0: Ball
2-0: Ball
3-0: Base on Balls
Batting: RHB Gustavo Mateo 0-0: Ball
Juan Rivas steals 2nd base
1-0: Called Strike
1-1: Ball
2-1: Ball
3-1: Called Strike
3-2: SINGLE (Flyball, 78S)
Juan Rivas to third
Runner from 3rd tries for Home, SAFE, no throw
Batting: LHB Avon Barksdale 0-0: Ball
1-0: Ball
2-0: Ball
3-0: Base on Balls
Gustavo Mateo to second
Batting: RHB Tony Justice 0-0: Fielders Choice at 2nd, 6-4 (Groundball, 6)
Gustavo Mateo to third
Batting: LHB Kelly Brown 0-0: Ball
1-0: Fielders Choice at 2nd, 4-6 (Groundball, 34)
Bottom of the 1st over - 1 run(s), 1 hit(s), 0 error(s), 1 left on base; Las Vegas 1 - Brooklyn 1
TOP OF THE 2ND
Las Vegas Flamingos batting - Pitching for Brooklyn Dodgers : LHP Lorenzo Sánchez
Batting: SHB Kunimichi Chikafuji 0-0: Ball
1-0: Ball
2-0: Called Strike
2-1: Swinging Strike
2-2: Ball
3-2: TRIPLE (Line Drive, 7LS)
Batting: RHB Jeff Young 0-0: Ball
1-0: Called Strike
1-1: Fly out, F7 (Flyball, 78S)
Batting: LHB Emílio Sáenz 0-0: Swinging Strike
0-1: Ball
1-1: Foul Ball, location: 2F
1-2: Ball
2-2: Ball
3-2: Foul Ball, location: 2F
3-2: Foul Ball, location: 2F
3-2: Strikes out swinging
Batting: RHB John Aston 0-0: Called Strike
0-1: Ball
1-1: Ground out 6-3 (Groundball, 56D)
Top of the 2nd over - 0 run(s), 1 hit(s), 0 error(s), 1 left on base; Las Vegas 1 - Brooklyn 1
BOTTOM OF THE 2ND
Brooklyn Dodgers batting - Pitching for Las Vegas Flamingos : RHP Seung-yeop Kim
Batting: RHB Thom Wilcox 0-0: Called Strike
0-1: Ball
1-1: Ball
2-1: Ball
3-1: Ground out 5-3 (Groundball, 56)
Batting: RHB Oliver Aranda 0-0: Fly out, F8 (Line Drive, 8LM)
Batting: RHB Vincent Crane 0-0: Called Strike
0-1: Called Strike
0-2: Ball
1-2: Strikes out looking
Bottom of the 2nd over - 0 run(s), 0 hit(s), 0 error(s), 0 left on base; Las Vegas 1 - Brooklyn 1
TOP OF THE 3RD
Las Vegas Flamingos batting - Pitching for Brooklyn Dodgers : LHP Lorenzo Sánchez
Batting: LHB Roberto Salazar 0-0: Ball
1-0: Called Strike
1-1: Ball
2-1: SINGLE (Line Drive, 6MD)
Batting: RHB Sake van Arem 0-0: Ball
1-0: SINGLE (Flyball, 9LS)
Roberto Salazar to second
Runner from 2nd tries for 3rd, SAFE, throw made to third
Batting: LHB Chris McKinney 0-0: Ball
1-0: Called Strike
1-1: Ball
2-1: Swinging Strike
Balk!
Roberto Salazar scores
Sake van Arem to second
2-2: Ball
3-2: Strikes out swinging
Batting: LHB José Alonso 0-0: Foul Ball, location: 2F
0-1: Swinging Strike
0-2: Strikes out swinging
Batting: RHB Xavier Hernández 0-0: Foul Ball, location: 2F
0-1: Called Strike
0-2: Strikes out swinging
Top of the 3rd over - 1 run(s), 2 hit(s), 0 error(s), 1 left on base; Las Vegas 2 - Brooklyn 1
BOTTOM OF THE 3RD
Brooklyn Dodgers batting - Pitching for Las Vegas Flamingos : RHP Seung-yeop Kim
Batting: RHB Josh Stafford 0-0: Ball
1-0: Fly out, F9 (Flyball, 9LMF)
Batting: SHB Juan Rivas 0-0: Ground out U3 (Groundball, 34)
Batting: RHB Gustavo Mateo 0-0: Called Strike
0-1: Ground out 5-3 (Groundball, 56)
Bottom of the 3rd over - 0 run(s), 0 hit(s), 0 error(s), 0 left on base; Las Vegas 2 - Brooklyn 1
TOP OF THE 4TH
Las Vegas Flamingos batting - Pitching for Brooklyn Dodgers : LHP Lorenzo Sánchez
Batting: SHB Kunimichi Chikafuji 0-0: Swinging Strike
0-1: DOUBLE (Flyball, 89D)
Batting: RHB Jeff Young 0-0: Ground out 6-3 (Groundball, 6)
Batting: LHB Emílio Sáenz 0-0: Fly out, F8 (Flyball, 8LM)
Batting: RHB John Aston 0-0: Ball
1-0: Ground out 6-3 (Groundball, 6)
Top of the 4th over - 0 run(s), 1 hit(s), 0 error(s), 1 left on base; Las Vegas 2 - Brooklyn 1
BOTTOM OF THE 4TH
Brooklyn Dodgers batting - Pitching for Las Vegas Flamingos : RHP Seung-yeop Kim
Batting: LHB Avon Barksdale 0-0: Ground out 4-3 (Groundball, 34)
Batting: RHB Tony Justice 0-0: Ball
1-0: Foul Ball, location: 2F
1-1: Ball
2-1: DOUBLE (Line Drive, 78D)
Batting: LHB Kelly Brown 0-0: Ball
1-0: Fly out, F4 (Popup, 34D)
Batting: RHB Thom Wilcox 0-0: Foul Ball, location: 2F
0-1: Ball
1-1: Ball
2-1: Ball
3-1: Called Strike
3-2: SINGLE (Line Drive, 8RS)
Tony Justice to third
Tony Justice scores
Batting: RHB Oliver Aranda 0-0: Ball
1-0: Foul Ball, location: 2F
1-1: Ball
2-1: 2-RUN HOME RUN (Flyball, 7D), Distance : 404 ft
Batting: RHB Vincent Crane 0-0: Foul Ball, location: 2F
0-1: Ball
1-1: Foul Ball, location: 2F
1-2: Hit by Pitch
Batting: RHB Josh Stafford 0-0: Called Strike
0-1: Called Strike
0-2: Ball
1-2: SINGLE (Flyball, 78S)
Vincent Crane to second
Batting: SHB Juan Rivas 0-0: Ball
1-0: Ball
2-0: Called Strike
2-1: Foul Ball, location: 2F
2-2: Strikes out swinging
Bottom of the 4th over - 3 run(s), 4 hit(s), 0 error(s), 2 left on base; Las Vegas 2 - Brooklyn 4
TOP OF THE 5TH
Las Vegas Flamingos batting - Pitching for Brooklyn Dodgers : LHP Lorenzo Sánchez
Batting: LHB Roberto Salazar 0-0: Called Strike
0-1: Foul Ball, location: 2F
0-2: Ground out 1-3 (Groundball, 13S)
Batting: RHB Sake van Arem 0-0: Called Strike
0-1: Ball
1-1: Ball
2-1: Called Strike
2-2: Ball
3-2: Base on Balls
Batting: LHB Chris McKinney 0-0: Called Strike
0-1: Ball
1-1: Fly out, F8 (Flyball, 8RM)
Batting: LHB José Alonso 0-0: Called Strike
0-1: Ball
Sake van Arem is caught stealing 2nd base
Top of the 5th over - 0 run(s), 0 hit(s), 0 error(s), 0 left on base; Las Vegas 2 - Brooklyn 4
BOTTOM OF THE 5TH
Brooklyn Dodgers batting - Pitching for Las Vegas Flamingos : RHP Seung-yeop Kim
Batting: RHB Gustavo Mateo 0-0: Called Strike
0-1: Called Strike
0-2: Fly out, F8 (Flyball, 8LM)
Batting: LHB Avon Barksdale 0-0: Foul Ball, location: 2F
0-1: Called Strike
0-2: Ground out 4-3 (Groundball, 34)
Batting: RHB Tony Justice 0-0: Ball
1-0: Fly out, F3 (Line Drive, 3)
Bottom of the 5th over - 0 run(s), 0 hit(s), 0 error(s), 0 left on base; Las Vegas 2 - Brooklyn 4
TOP OF THE 6TH
Las Vegas Flamingos batting - Pitching for Brooklyn Dodgers : LHP Lorenzo Sánchez
Batting: LHB José Alonso 0-0: Swinging Strike
0-1: Foul Ball, location: 2F
0-2: Foul Ball, location: 2F
0-2: Ball
1-2: Ball
2-2: Foul Ball, location: 2F
2-2: Foul Ball, location: 2F
2-2: DOUBLE (Line Drive, 7LM)
Batting: RHB Xavier Hernández 0-0: Called Strike
0-1: Swinging Strike
0-2: Strikes out looking
Batting: SHB Kunimichi Chikafuji 0-0: Ball
1-0: Swinging Strike
1-1: Ground out 6-3 (Groundball, 6)
Batting: RHB Jeff Young 0-0: SINGLE (Groundball, 56D)
José Alonso to third
Runner from 3rd tries for Home, SAFE, throw made home
Jeff Young to second
Pitching: LHP Sjaak Bonne
Batting: LHB Emílio Sáenz 0-0: Foul Ball, location: 2F
0-1: Foul Ball, location: 2F
0-2: Ball
1-2: Strikes out swinging
Top of the 6th over - 1 run(s), 2 hit(s), 0 error(s), 1 left on base; Las Vegas 3 - Brooklyn 4
BOTTOM OF THE 6TH
Brooklyn Dodgers batting - Pitching for Las Vegas Flamingos : RHP Seung-yeop Kim
Batting: LHB Kelly Brown 0-0: Called Strike
0-1: Ball
1-1: Foul Ball, location: 2F
1-2: Ground out 4-3 (Groundball, 34)
Batting: RHB Thom Wilcox 0-0: Foul Ball, location: 2F
0-1: Ball
1-1: DOUBLE (Line Drive, 78D)
Batting: RHB Oliver Aranda 0-0: Ball
1-0: Called Strike
1-1: Ground out 5-3 (Groundball, 5L)
Batting: RHB Vincent Crane 0-0: Swinging Strike
0-1: Ball
1-1: Swinging Strike
1-2: Ground out 6-3 (Groundball, 6)
Bottom of the 6th over - 0 run(s), 1 hit(s), 0 error(s), 1 left on base; Las Vegas 3 - Brooklyn 4
TOP OF THE 7TH
Las Vegas Flamingos batting - Pitching for Brooklyn Dodgers : LHP Sjaak Bonne
Batting: RHB John Aston 0-0: Foul Ball, location: 2F
0-1: Ball
1-1: Ground out 5-3 (Groundball, 5S)
Batting: LHB Roberto Salazar 0-0: Called Strike
0-1: SINGLE (Line Drive, 78S)
Batting: RHB Sake van Arem 0-0: Ball
1-0: Ball
2-0: Ball
3-0: Called Strike
3-1: Base on Balls
Roberto Salazar to second
Batting: LHB Chris McKinney 0-0: Fly out, F9 (Flyball, 9S)
Batting: LHB José Alonso 0-0: Called Strike
0-1: Fly out, F2 (Popup, 25)
Top of the 7th over - 0 run(s), 1 hit(s), 0 error(s), 2 left on base; Las Vegas 3 - Brooklyn 4
BOTTOM OF THE 7TH
Brooklyn Dodgers batting - Pitching for Las Vegas Flamingos : RHP Seung-yeop Kim
Batting: RHB Josh Stafford 0-0: Foul Ball, location: 2F
0-1: Ball
1-1: Ground out 1-3 (Groundball, P)
Batting: SHB Juan Rivas 0-0: Called Strike
0-1: Foul Ball, location: 2F
0-2: Ball
1-2: Ball
2-2: SINGLE (Line Drive, 6M)
Pitching: RHP Christian Pitts
Batting: RHB Gustavo Mateo 0-0: Ball
1-0: Fly out, F9 (Flyball, 9)
Batting: LHB Avon Barksdale 0-0: Ball
1-0: Called Strike
Juan Rivas steals 2nd base
1-1: Swinging Strike
1-2: Foul Ball, location: 2F
1-2: Strikes out swinging
Bottom of the 7th over - 0 run(s), 1 hit(s), 0 error(s), 1 left on base; Las Vegas 3 - Brooklyn 4
TOP OF THE 8TH
Las Vegas Flamingos batting - Pitching for Brooklyn Dodgers : LHP Sjaak Bonne
Pitching: RHP John Bailey
Batting: RHB Xavier Hernández 0-0: Called Strike
0-1: Foul Ball, location: 2F
0-2: Ball
1-2: Foul Ball, location: 2F
1-2: Foul Ball, location: 2F
1-2: Ball
2-2: Foul Ball, location: 2F
2-2: Ground out 1-3 (Groundball, 15S)
Batting: SHB Kunimichi Chikafuji 0-0: Ball
1-0: Swinging Strike
1-1: Ball
2-1: Ball
3-1: Foul Ball, location: 2F
3-2: Foul Ball, location: 2F
3-2: Base on Balls
Batting: RHB Jeff Young 0-0: Ball
1-0: Fly out, F8 (Flyball, 8RS)
Pinch Hitting: LHB Victor Adams 0-0: 2-RUN HOME RUN (Flyball, 8RXD), Distance : 442 ft
Batting: RHB John Aston 0-0: Ball
1-0: Called Strike
1-1: Fly out, F5 (Popup, 56S)
Top of the 8th over - 2 run(s), 1 hit(s), 0 error(s), 0 left on base; Las Vegas 5 - Brooklyn 4
BOTTOM OF THE 8TH
Brooklyn Dodgers batting - Pitching for Las Vegas Flamingos : RHP Christian Pitts
Pitching: RHP Enrique García
Now in RF: Victor Adams
Batting: RHB Tony Justice 0-0: Fly out, F6 (Line Drive, 56)
Batting: LHB Kelly Brown 0-0: Called Strike
0-1: Called Strike
0-2: Ball
1-2: Foul Ball, location: 2F
1-2: Strikes out looking
Batting: RHB Thom Wilcox 0-0: Called Strike
0-1: SINGLE (Flyball, 78S)
Batting: RHB Oliver Aranda 0-0: Swinging Strike
0-1: Swinging Strike
0-2: Ball
1-2: Strikes out looking
Bottom of the 8th over - 0 run(s), 1 hit(s), 0 error(s), 1 left on base; Las Vegas 5 - Brooklyn 4
TOP OF THE 9TH
Las Vegas Flamingos batting - Pitching for Brooklyn Dodgers : RHP John Bailey
Batting: LHB Roberto Salazar 0-0: Ball
1-0: Fly out, F8 (Flyball, 8LD)
Batting: RHB Sake van Arem 0-0: Ball
1-0: Foul Ball, location: 2F
1-1: Foul Ball, location: 2F
1-2: Ground out 4-3 (Groundball, 4)
Batting: LHB Chris McKinney 0-0: Ball
1-0: Called Strike
1-1: DOUBLE (Line Drive, 89D)
Batting: LHB José Alonso 0-0: Foul Ball, location: 2F
0-1: Ball
1-1: Ball
2-1: Foul Ball, location: 2F
2-2: Ball
3-2: Base on Balls
Pinch Runner at 2nd Job Pels:
Batting: RHB Xavier Hernández 0-0: Ball
1-0: Ball
2-0: Ball
3-0: Called Strike
3-1: Base on Balls
Job Pels to third
José Alonso to second
Pitching: RHP Folkert van Huizen
Batting: SHB Kunimichi Chikafuji 0-0: Called Strike
0-1: Foul Ball, location: 2F
0-2: Strikes out swinging
Top of the 9th over - 0 run(s), 1 hit(s), 0 error(s), 3 left on base; Las Vegas 5 - Brooklyn 4
BOTTOM OF THE 9TH
Brooklyn Dodgers batting - Pitching for Las Vegas Flamingos : RHP Enrique García
Pitching: LHP Shunen Takahashi
Now at 1B: Job Pels
Batting: RHB Vincent Crane 0-0: Called Strike
0-1: SINGLE (Line Drive, 7LS)
Batting: RHB Josh Stafford 0-0: Ball
1-0: Bunt missed!
1-1: Ball
2-1: Sac Bunt - play at first, batter OUT! 1-4
Vincent Crane to second
Batting: SHB Juan Rivas 0-0: Ball
1-0: Called Strike
1-1: Called Strike
1-2: Ball
2-2: Ball
3-2: Foul Ball, location: 2F
3-2: Foul Ball, location: 2F
3-2: Base on Balls
Batting: RHB Gustavo Mateo 0-0: Swinging Strike
0-1: Ball
1-1: Ball
2-1: SINGLE (Flyball, 8RS)
Vincent Crane to third
Juan Rivas to second
Batting: LHB Avon Barksdale 0-0: Ball
1-0: Called Strike
1-1: Foul Ball, location: 2F
1-2: Ball
2-2: GRAND SLAM HOME RUN (Flyball, 89XD), Distance : 421 ft
Monday, March 20th, 2017 - OOTP Baseball 17.12 Build 75